 Dungeon Crawl Stone Soup version 0.20.1-2-g1830e616b0 (webtiles) character file.

174 Alfie the Shooter (level 5, -1/40 HPs)
             Began as a Human Hunter on Jan 31, 2020.
             Slain by Natasha (9 damage)
             ... on level 2 of the Dungeon.
             The game lasted 00:06:34 (1196 turns).

Alfie the Shooter (Human Hunter)                    Turns: 1196, Time: 00:06:34

Health: -1/40      AC:  4    Str: 13    XL:     5   Next: 84%
Magic:  5/5        EV: 12    Int: 12    God:
Gold:   148        SH:  0    Dex: 13    Spells: 4/4 levels left

rFire    . . .     SeeInvis .   a - +1 shortbow
rCold    . . .     Gourm    .   (shield currently unavailable)
rNeg     . . .     Faith    .   c - +0 leather armour
rPois    .         Spirit   .   (no helmet)
rElec    .         Reflect  .   (no cloak)
rCorr    .         Harm     .   (no gloves)
MR       .....                  n - +0 pair of boots
Stlth    +.........             (no amulet)
Regen    0.2/turn               (no ring)
MPRegen  0.1/turn               (no ring)

@: slowed, drained, very slow
A: no striking features
a: no special abilities


You were on level 2 of the Dungeon.
You were not hungry.

You visited 1 branch of the dungeon, and saw 2 of its levels.

You collected 148 gold pieces.

Inventory:

Hand Weapons
 a - a +1 shortbow (weapon)
 b - a +0 short sword
 t - a +2 dagger of draining
Missiles
 d - 43 arrows (quivered)
Armour
 c - a +0 leather armour (worn)
 n - a +0 pair of boots (worn)
 u - a +0 helmet
Scrolls
 g - a scroll of identify
Potions
 i - a potion of haste {unknown}
 j - a potion of flight {unknown}
 k - a potion of heal wounds
 l - a potion of magic {unknown}
 m - a potion of agility {unknown}
 p - 6 potions of curing {unknown}
 r - a potion of lignification {unknown}
 s - a potion of cancellation {unknown}
Comestibles
 f - a bread ration
 h - 3 meat rations
 o - 2 royal jellies


   Skills:
 + Level 2.8(2.2) Fighting
 + Level 6.0(5.4) Bows
 + Level 0.6(0.0) Armour
 + Level 2.2(1.6) Dodging
 + Level 1.0(0.4) Stealth


You had 4 spell levels left.
You didn't know any spells.

Dungeon Overview and Level Annotations

Branches:
Dungeon (2/15)

Altars:

Annotations:
D:2 Natasha


Message History

The arrow hits the shadow imp.
The shadow imp is heavily wounded.
Natasha misses you.
Firing (i - inventory):
d - 45 arrows (quivered)
Press: ? - help, Shift-Dir - straight line, f/p - Natasha
Aim: Natasha (severely wounded)
You shoot an arrow. The arrow barely misses Natasha.
The arrow closely misses the shadow imp.
The arrow misses the crimson imp.
Natasha casts a spell.
Natasha claws you.
* * * LOW HITPOINT WARNING * * *
Firing (i - inventory):
d - 44 arrows (quivered)
Press: ? - help, Shift-Dir - straight line, f/p - Natasha
Aim: Natasha (severely wounded)
You shoot an arrow. The arrow barely misses Natasha.
The arrow hits the shadow imp.
The shadow imp is severely wounded.
Natasha claws you!
You die...

###### *,,,,,* ....>#
#.#*#.# ***
####.######**#.#*#.#**,*
............,...,...,,,*
##.†..######*#.#*#.#**,****
*#....# *#####.# #.# *,,,,*
*#....# *,...#.# #.# *,**.*
####.##
*###.#.###5###..$(** .#
#.#####......@h5(((((..,**
.#
#.........#####5###....,,*
.# #.#######.# #.# ***,#***
.###.# #####*#.# *,*
..##.#### *..,..# *,*
........# *.#*### *,*
...#.##.# *.# *,*
)#.#.##(######.######***,*
.#...................,,,,*


You could see Natasha, a crimson imp, a white imp and a shadow imp.

Vanquished Creatures
  Jessica (D:2)
  Natasha (D:2)
  Robin (D:2)
  6 adders (D:2)
  A dart slug (D:1)
  3 leopard geckos (D:2)
  A ball python (D:1)
  5 bats
  3 giant cockroaches
  8 goblins
  7 hobgoblins
  3 jackals (D:2)
  A quokka (D:2)
  5 frilled lizards
  7 kobolds
  3 rats
56 creatures vanquished.

Notes
Turn   | Place    | Note
-------+----------+-------------------------------------------
     0 | D:1      | Alfie the Human Hunter began the quest for the Orb.
     0 | D:1      | Reached XP level 1. HP: 16/16 MP: 1/1
   140 | D:1      | Reached XP level 2. HP: 15/22 MP: 2/2
   487 | D:1      | Reached XP level 3. HP: 27/27 MP: 3/3
   744 | D:2      | Reached skill level 5 in Bows
   744 | D:2      | Reached XP level 4. HP: 31/33 MP: 4/4
   869 | D:2      | Noticed Jessica
   883 | D:2      | Killed Jessica
   883 | D:2      | Reached XP level 5. HP: 33/39 MP: 5/5
   956 | D:2      | Noticed Natasha
   958 | D:2      | Killed Natasha
  1022 | D:2      | Reached skill level 6 in Bows
  1026 | D:2      | Noticed Robin
  1035 | D:2      | Killed Robin
  1183 | D:2      | Noticed Natasha
  1196 | D:2      | Slain by Natasha

Skill      XL: |  1  2  3  4  5 |
---------------+----------------+-----
Bows           | 5 6 |  6.0
Fighting       | |  2.8
Armour         | |  0.6
Dodging        | |  2.2
Stealth        | |  1.0

Action                   |  1- 3 |  4- 6 || total
-------------------------+-------+-------++-------
Melee: Short sword       |     1 |     9 ||    10
 Fire: Shortbow          |    64 |   101 ||   165
  Use: Scroll            |     1 |     4 ||     5
       Potion            |       |     1 ||     1
  Eat: Royal jelly       |       |     1 ||     1
Armor: Leather armour    |     4 |    17 ||    21
Dodge: Dodged            |     8 |    46 ||    54
